 Dungeon Crawl Stone Soup version 0.20.0-7-g3b7b877 (webtiles) character file.

197 Fenrisulfr the Skirmisher (level 5, -2/64 HPs)
             Began as a Barachi Abyssal Knight on May 29, 2017.
             Was a Priest of Lugonu.
             Slain by an orc
             ... wielding a +0 trident
              (5 damage)
             ... on level 4 of the Dungeon.
             The game lasted 00:09:53 (4193 turns).

Fenrisulfr the Skirmisher (Barachi Abyssal Knight)  Turns: 4193, Time: 00:09:56

Health: -2/64      AC:  4    Str: 18 (19) XL:     5   Next: 75%
Magic:  15/15      EV: 12    Int: 14 (15) God:    Lugonu [***...]
Gold:   168        SH:  0    Dex: 11 (12) Spells: 4/4 levels left

rFire    . . .     SeeInvis .   p - +1 flail (holy)
rCold    . . .     Gourm    .   (no shield)
rNeg     . . .     Faith    .   b - +0 leather armour
rPois    +         Spirit   .   (helmet restricted)
rElec    .         Reflect  .   (no cloak)
rCorr    .         Harm     .   f - +0 pair of gloves
MR       +....                  (no boots)
Stlth    ..........             (no amulet)
Regen    0.2/turn               e - ring of poison resistance
MPRegen  0.2/turn               m - ring of magical power

@: mighty, brilliant, berserking, hasted, quick
A: +LOS, swims, horns 1, dopey 1, magic resistance 1, slowness 1, strong legs 1
a: Hop, Depart the Abyss, Bend Space, Banish, Renounce Religion


You were on level 4 of the Dungeon.
You worshipped Lugonu.
Lugonu was most pleased with you.
You were not hungry.

You visited 1 branch of the dungeon, and saw 4 of its levels.
You visited the Abyss 1 time.

You collected 168 gold pieces.

Inventory:

Hand Weapons
 a - a +2 hand axe
 p - a +1 flail of holy wrath (weapon)
Armour
 b - a +0 leather armour (worn)
 f - a +0 pair of gloves (worn)
 l - a +2 large shield
Jewellery
 e - a ring of poison resistance (left hand)
 m - a ring of magical power (right hand)
Scrolls
 u - a scroll of remove curse
Potions
 o - 2 potions of curing
Comestibles
 c - 8 bread rations
 d - 2 royal jellies
 r - 4 fruits
 s - a chunk of flesh


   Skills:
 * Level 4.8 Fighting
 + Level 3.2(3.3) Axes
 * Level 0.2(2.0) Maces & Flails
 * Level 3.9 Armour
 * Level 2.5 Dodging
 + Level 2.4 Invocations


You had 4 spell levels left.
You didn't know any spells.

Dungeon Overview and Level Annotations

Branches:
Dungeon (4/15)
 Temple: D:4-7

Altars:
Okawaru


Innate Abilities, Weirdness & Mutations

Shadows flee at your approach. (+LOS)
You can swim through water.
You cover ground slowly.
You can hop short distances.
You have a pair of small horns on your head.
You are dopey. (Int -2)
You are resistant to hostile enchantments. (MR+)


Message History

The orc hits you but does no damage. The orc barely misses you.
It was a potion of might.
You feel very mighty all of a sudden. The orc closely misses you.
It was a potion of magic.
Magic courses through your body. The orc hits you but does no damage.
It was a potion of brilliance.
You feel clever all of a sudden. The orc misses you. The orc barely misses you.
It was a potion of mutation.
You feel extremely strange.
You feel stupid.
You feel resistant to hostile enchantments.
A pair of horns grows on your head!
It was a potion of berserk rage.
A red film seems to cover your vision as you go berserk!
You feel yourself moving faster!
You feel mighty! The orc hits you with a dagger.
* * * LOW HITPOINT WARNING * * *
The orc hits you from afar with a trident.
You die...

wo..........##
........<....# #
......o.o....###.###
####.)..............
#>#.....#.....# #
#.......########
#.#####oo....... ...
#o######## ..... #@#
..... #.# ..... #..
(.. #... #...>
...... .......
.......# .......#


You could see 3 orcs.

Vanquished Creatures
  An iguana (D:4)
  5 adders
  An ooze (D:3)
  2 worms
  2 dart slugs (D:2)
  7 leopard geckos
  15 orcs (D:3)
  A giant cockroach (D:3)
  6 goblins
  5 hobgoblins
  15 jackals
  3 quokkas
  3 bats
  8 frilled lizards
  9 kobolds
  7 rats
90 creatures vanquished.

Notes
Turn   | Place    | Note
-------+----------+-------------------------------------------
     0 | Abyss:1  | Fenrisulfr the Barachi Abyssal Knight began the quest for the Orb.
     0 | Abyss:1  | Reached XP level 1. HP: 18/18 MP: 2/2
    51 | Abyss:1  | Noticed an ancient zyme
    53 | Abyss:1  | Noticed an ophan
    56 | D:1      | Escaped the Abyss
   103 | D:1      | Reached * piety under Lugonu
   195 | D:1      | Reached XP level 2. HP: 12/25 MP: 3/3
  1037 | D:1      | Reached skill level 4 in Fighting
  1038 | D:1      | Reached XP level 3. HP: 21/30 MP: 4/4
  1408 | D:2      | Reached ** piety under Lugonu
  1668 | D:2      | Reached XP level 4. HP: 7/37 MP: 5/5
  3094 | D:3      | Found an iron altar of Okawaru.
  3125 | D:3      | Reached XP level 5. HP: 31/43 MP: 6/6
  3602 | D:3      | Reached *** piety under Lugonu
  4192 | D:4      | Gained mutation: You are dopey. (Int -2) [potion of mutation]
  4192 | D:4      | Gained mutation: You are resistant to hostile enchantments. (MR+) [potion of mutation]
  4192 | D:4      | Gained mutation: You have a pair of small horns on your head. [potion of mutation]
  4193 | D:4      | HP: 3/64 [orc/dagger (3)]
  4193 | D:4      | Slain by an orc

Skill      XL: |  1  2  3  4 |
---------------+-------------+-----
Armour         | 3 |  3.9
Fighting       | 4 |  4.8
Invocations    | 2 |  2.4
Dodging        | 2 |  2.5
Axes           | 3 |  3.2
Maces & Flails | |  0.2

Action                   |  1- 3 |  4- 6 || total
-------------------------+-------+-------++-------
Melee: Hand axe          |   145 |   182 ||   327
       Flail             |       |    11 ||    11
Invok: Depart the Abyss  |     1 |       ||     1
  Use: Scroll            |     1 |     4 ||     5
       Potion            |     1 |     9 ||    10
  Eat: Chunk             |     2 |    10 ||    12
Armor: Leather armour    |    37 |    52 ||    89
       Skin              |    21 |       ||    21
Dodge: Dodged            |   107 |   133 ||   240
